 Dungeon Crawl Stone Soup version 0.23.2-1-ga50397a (webtiles) character file.

Game seed: 9950763538117959852

32 MalarOregon the Digger (level 3, -2/28 HPs)
             Began as a Ghoul Earth Elementalist on June 2, 2019.
             Slain by an adder (3 damage)
             ... on level 2 of the Dungeon.
             The game lasted 00:02:25 (1539 turns).

MalarOregon the Digger (Ghoul Earth Elementalist)   Turns: 1539, Time: 00:02:26

Health: -2/28      AC:  2    Str: 16    XL:     3   Next: 25%
Magic:  1/5        EV: 12    Int: 11    God:
Gold:   23         SH:  0    Dex:  9    Spells: 5/6 levels left

rFire    . . .     SeeInvis .     - Unarmed
rCold    + . .     Gourm    .   (no shield)
rNeg     + + +     Faith    .   c - +0 robe
rPois    ∞         Spirit   .   (no helmet)
rElec    .         Reflect  .   (no cloak)
rCorr    .         Harm     .   (no gloves)
MR       .....                  (no boots)
Stlth    ++........             (no amulet)
HPRegen  0.00/turn              (no ring)
MPRegen  0.09/turn              (no ring)

@: mighty, rotting
A: rotting body, claws 1, carnivore, cold resistance 1, negative energy
resistance 3, inhibited regeneration, torment resistance, unbreathing
a: no special abilities


You were on level 2 of the Dungeon.
You were not hungry.

You visited 1 branch of the dungeon, and saw 2 of its levels.

You collected 23 gold pieces.

Inventory:

Missiles
 b - 87 stones (quivered)
Armour
 c - a +0 robe (worn)
Scrolls
 f - 5 scrolls of remove curse {unknown}
Comestibles
 e - 3 rations {!d}
 g - 7 chunks of flesh


   Skills:
 + Level 1.0 Fighting
 - Level 2.0 Dodging
 + Level 2.4 Stealth
 * Level 1.7 Unarmed Combat
 - Level 2.0 Spellcasting
   Level 0.8 Transmutations
 + Level 3.4 Earth Magic


You had 5 spell levels left.
You knew the following spells:

 Your Spells              Type           Power        Failure   Level  Hunger
a - Sandblast             Erth           #.....       7%          1    ##.....

Your spell library contained the following spells:

 Spells                   Type           Power        Failure   Level  Hunger
 Passwall                 Tmut/Erth      #.......     19%         2    ###....
 Stone Arrow              Conj/Erth      #.....       41%         3    ####...
 Petrify                  Tmut/Erth      #.......     75%         4    #####..
 Lee's Rapid Deconstruct  Erth           #.........   89%         5    ######.


Dungeon Overview and Level Annotations

Branches:
Dungeon (2/15)

Altars:


Innate Abilities, Weirdness & Mutations

Your body is rotting away.
You thrive on raw meat.
You are immune to poison.
You have sharp fingernails.
You are carnivorous and can eat meat at any time.
Your flesh is cold resistant. (rC+)
You are immune to negative energy. (rN+++)
You do not regenerate when monsters are visible.
You are immune to unholy pain and torment.
You can survive without breathing.


Message History

The blast of sand hits the jackal but does no damage.
b - 92 stones The jackal closely misses you.
Aim: a jackal The blast of sand hits the jackal!
You kill the jackal!
b - 91 stones
Aim: a jackal The blast of sand hits the jackal!
You kill the jackal!
b - 90 stones The kobold throws a stone.
The stone barely misses you.
You can't see any susceptible monsters within range! (Use Z to cast anyway.)
The kobold throws a stone.
The stone hits you but does no damage.
The kobold throws a stone.
The stone hits you but does no damage.
The kobold throws a stone.
The stone hits you but does no damage.
An adder comes into view.
The adder hisses angrily.
Aim: a kobold, wielding a +0 short sword The blast of sand hits the kobold.
You kill the kobold!
b - 89 stones
Aim: a frilled lizard The blast of sand hits the frilled lizard.
You kill the frilled lizard!
Your Fighting skill increases to level 1!
b - 88 stones
Aim: an adder The blast of sand hits the adder.
b - 87 stones You miss the adder.
The adder closely misses you. x2
You closely miss the adder. The adder bites you.
You closely miss the adder. The adder bites you.
You barely miss the adder. The adder bites you but does no damage.
The adder bites you.
You scratch the adder. The adder bites you.
You barely miss the adder. The adder bites you.
* * * LOW HITPOINT WARNING * * *
You closely miss the adder. The adder bites you.
* * * LOW HITPOINT WARNING * * *
You closely miss the adder. The adder bites you.
* * * LOW HITPOINT WARNING * * *
The adder bites you.
* * * LOW HITPOINT WARNING * * *
It was a potion of cancellation.
You feel magically purged. The adder closely misses you.
It was a potion of might.
You feel very mighty all of a sudden. The adder bites you.
You die...

#.# #.######## #.<.......
######.#######. #
#....#.# #
###.###..#.#.#######.#
........÷÷.........>.#
##.......).#.####.#..#
#...###÷###@####.#..#
..........##(S(..)...####
##...#.#..#######†##.....
... ..<.... #......... .
#.# ####. #..####### ...
.. #..# ... .# #... ## ..
##$. ..[.


You could see an adder.

Vanquished Creatures
  A leopard gecko (D:2)
  A giant cockroach (D:1)
  6 goblins
  4 hobgoblins (D:1)
  4 jackals (D:2)
  2 ball pythons (D:1)
  2 bats (D:1)
  A frilled lizard (D:2)
  5 kobolds
  3 rats (D:1)
29 creatures vanquished.

Notes
Turn   | Place    | Note
-------+----------+-------------------------------------------
     0 | D:1      | MalarOregon the Ghoul Earth Elementalist began the quest
                  | for the Orb.
     0 | D:1      | Reached XP level 1. HP: 14/14 MP: 2/2
   644 | D:1      | Reached XP level 2. HP: 20/20 MP: 3/3
   659 | D:1      | Reached skill level 1 in Unarmed Combat
   973 | D:1      | HP: 1/22 [hobgoblin (3)]
  1375 | D:2      | Reached XP level 3. HP: 16/27 MP: 2/4
  1526 | D:2      | Reached skill level 1 in Fighting
  1537 | D:2      | HP: 1/28 [adder (4)]
  1539 | D:2      | Slain by an adder

Skill      XL: |  1  2  3 |
---------------+----------+-----
Unarmed Combat | 1 |  1.7
Dodging        | 2 |  2.0
Spellcasting   | 2 |  2.0
Fighting       | 1 |  1.0
Stealth        | |  2.4
Transmutations | |  0.8
Earth Magic    | |  3.4

Action                   || total
-------------------------++-------
Melee: Unarmed           ||    93
 Cast: Sandblast         ||    22
  Use: Potion            ||     2
 Stab: Sleeping          ||     3
  Eat: Chunk             ||     7
Armor: Robe              ||    17
Dodge: Dodged            ||    57
